 Dungeon Crawl Stone Soup version 0.21.1-1-g345015f (webtiles) character file.

143 inc the Chiller (level 5, 2/21 HPs)
             Began as a Felid Ice Elementalist on Mar 4, 2018.
             Quit the game on level 4 of the Dungeon.
             The game lasted 00:08:38 (3989 turns).

inc the Chiller (Felid Ice Elementalist)            Turns: 3989, Time: 00:08:39

Health: 2/21       AC:  2    Str:  4    XL:     5   Next: 4%
Magic:  9/9        EV: 23    Int: 18    God:
Gold:   139        SH:  0    Dex: 22    Spells: 4/8 levels left
                                        Lives:  0   Deaths: 1

rFire    + . .     SeeInvis +   (weapon unavailable)
rCold    + + .     Gourm    .   (shield unavailable)
rNeg     . . .     Faith    .   (armour unavailable)
rPois    +         Spirit   .   (helmet unavailable)
rElec    +         Reflect  .   (cloak unavailable)
rCorr    +         Harm     .   (gloves unavailable)
MR       .....                  (boots unavailable)
Stlth    ++++......             (no amulet)
HPRegen  0.07/turn              f - ring of protection from cold
MPRegen  0.11/turn              (no ring)

@: agile, lethally poisoned (2 -> -9), resistant, quick
A: very small, no armour, no weapons or thrown items, stealth, claws 1, fangs 3,
see invisible, carnivore, speed 1, shaggy fur 2, slow metabolism 1, sharp paws
a: no special abilities


You were on level 4 of the Dungeon.
You were not hungry.

You visited 1 branch of the dungeon, and saw 4 of its levels.

You collected 139 gold pieces.

Inventory:

Jewellery
 f - a ring of protection from cold (left paw)
 h - an uncursed ring of fire {unknown}
Wands
 m - a wand of flame (11)
Scrolls
 c - a scroll of enchant weapon {unknown}
 d - 3 scrolls of remove curse {unknown}
 e - 4 scrolls of amnesia {unknown}
 g - a scroll of noise {unknown}
 j - a scroll of teleportation {unknown}
 l - a scroll of fear {unknown}
Potions
 i - a potion of flight
 k - a potion of magic
 n - a potion of resistance
Books
 a - a book of Frost

   Spells                             Type                      Level
   a - Freeze                         Ice                          1
   b - Throw Frost                    Conjuration/Ice              2
   c - Ozocubu's Armour               Charms/Ice                   3
   d - Throw Icicle                   Conjuration/Ice              4
   e - Summon Ice Beast               Ice/Summoning                4
Comestibles
 b - 3 rations


   Skills:
 - Level 2.7 Dodging
 - Level 2.7 Stealth
 - Level 2.0 Spellcasting
   Level 0.8 Conjurations
 + Level 6.2 Ice Magic


You had 4 spell levels left.
You knew the following spells:

 Your Spells              Type           Power        Failure   Level  Hunger
a - Freeze                Ice            ###.         1%          1    #......
b - Ozocubu's Armour      Chrm/Ice       ##......     16%         3    ###....


Dungeon Overview and Level Annotations

Branches:
Dungeon (4/15)
 Temple: D:4-7

Altars:

Annotations:
D:3 guizzmo's ghost, amateur GrFi
D:4 1 transporter


Innate Abilities, Weirdness & Mutations

You cannot wear armour.
You are incapable of wielding weapons or throwing items.
Your paws allow you to move quietly. (Stealth)
You have sharp claws.
You have razor-sharp teeth.
You have supernaturally acute eyesight. (SInv)
You are carnivorous and can eat meat at any time.
You cover ground quickly.
You are covered in thick fur. (AC +2)
You have a slow metabolism.
Your sharp claws are effective at attacking unaware monsters.


Message History

The gnoll sergeant zombie barely misses you.
You feel sick. The gnoll sergeant zombie misses you.
You feel sick.
The gnoll sergeant zombie hits you but does no damage.
You are more poisoned.
The ogre zombie completely misses you.
You feel sick.
You see here 6 gold pieces.
You feel sick.
You see here a bronze ring.
h - a bronze ring You feel sick.
The gnoll sergeant zombie hits you from afar with a spear of venom.
* * * LOW HITPOINT WARNING * * *
* * * LOW HITPOINT WARNING * * *
You feel sick.
Things that are here:
a scroll labeled EBE IN RONAPT x2
Okay, then.
Are you sure you want to abandon this character and quit the game? (Confirm with "yes".)

##### #.... #.###
####### #.###
#§§.§Z########.... #
##§§.§.#§§§..§#....
#.###§§§§§#.§..§§#...#
#...#@Z..§§.#.#§.#...#
#..©#©..§§'...©§§#©..#
##..#$$Z§§§.#.#§.#..##
####§§§.§#.§§§.§####
##§§§§§#§§.§.§#
#§§§.§######## #######


You could see 2 gnoll sergeant zombies and an ogre zombie.

Vanquished Creatures
  A scorpion (D:4)
  An orc wizard (D:4)
  A worker ant (D:4)
  A hound zombie (D:4)
  8 adders
  A gnoll (D:2)
  An ooze (D:1)
  A worm (D:2)
  4 dart slugs
  2 leopard geckos (D:4)
  6 orcs (D:4)
  3 bats (D:1)
  6 giant cockroaches
  4 hobgoblins
  5 jackals (D:1)
  8 kobolds
  2 ball pythons
  A ball python skeleton (D:4)
  3 frilled lizards
  3 goblins
  A leopard gecko skeleton (D:4)
  5 rats
68 creatures vanquished.

Notes
Turn   | Place    | Note
-------+----------+-------------------------------------------
     0 | D:1      | inc the Felid Ice Elementalist began the quest for the Orb.
     0 | D:1      | Reached XP level 1. HP: 7/7 MP: 4/4
   129 | D:1      | Reached skill level 3 in Ice Magic
   420 | D:1      | Reached XP level 2. HP: 11/11 MP: 3/6
  1048 | D:1      | Reached XP level 3. HP: 14/14 MP: 3/7
  1495 | D:2      | Reached skill level 4 in Ice Magic
  1656 | D:2      | Noticed a phantom
  1972 | D:2      | Reached XP level 4. HP: 12/18 MP: 2/8
  2777 | D:3      | Noticed guizzmo's ghost (amateur GrFi)
  2992 | D:3      | Reached skill level 5 in Ice Magic
  3244 | D:4      | Reached XP level 5. HP: 12/21 MP: 2/9
  3688 | D:4      | Reached skill level 6 in Ice Magic
  3835 | D:4      | Learned a level 3 spell: Ozocubu's Armour
  3863 | D:4      | Found a transporter.
  3937 | D:4      | Gained mutation: You are covered in thick fur. (AC +2) [Felid growth]
  3937 | D:4      | Reached XP level 6. HP: 24/24 MP: 7/10
  3951 | D:4      | Slain by an orc
  3952 | D:4      | Reached XP level 5. HP: -2/21 MP: 0/9
  3977 | D:4      | Found a transporter.
  3989 | D:4      | Quit the game

Skill      XL: |  1  2  3  4  5 |
---------------+----------------+-----
Ice Magic      | 3 4 5 6 |  6.2
Dodging        | |  2.7
Stealth        | |  2.7
Spellcasting   | |  2.0
Conjurations   | |  0.8

Action                   |  1- 3 |  4- 6 || total
-------------------------+-------+-------++-------
Melee: Unarmed           |    23 |    46 ||    69
       Bite              |     4 |     3 ||     7
 Cast: Freeze            |    59 |    59 ||   118
  Use: Scroll            |       |     3 ||     3
       Potion            |       |     7 ||     7
 Stab: Sleeping          |     5 |     8 ||    13
       Distracted        |       |     1 ||     1
  Eat: Chunk             |     4 |    10 ||    14
Armor: Skin              |     7 |     5 ||    12
Dodge: Dodged            |    60 |    73 ||   133
